 Dungeon Crawl Stone Soup version 0.18.1-50-g88ac8fd (webtiles) character file.

133 Monkfish the Skirmisher (level 5, -5/35 HPs)
             Began as a Kobold Berserker on Oct 23, 2016.
             Was a Priest of Trog.
             Slain by a gnoll
             ... wielding a +0 halberd
              (8 damage)
             ... on level 4 of the Dungeon.
             The game lasted 00:04:11 (2719 turns).

Monkfish the Skirmisher (Kobold Berserker)          Turns: 2719, Time: 00:04:12

Health: -5/35      AC:  3    Str: 16      XL:     5   Next: 40%
Magic:  5/5        EV: 15    Int:  4 (5)  God:    Trog [***...]
Gold:   168        SH:  0    Dex: 15 (16) Spells: 0 memorised, 4 levels left

rFire  . . .     SeeInvis .     e - +2 dagger (flame)
rCold  . . .     Gourm    .     b - +1 animal skin
rNeg   . . .     Faith    .     (shield restricted)
rPois  .         Spirit   .     (no helmet)
rElec  .         Dismiss  .     (no cloak)
rCorr  .         Reflect  .     (no gloves)
SustAt +         Harm     .     (no boots)
MR     ++...                    (no amulet)
Stlth  +++.......               (no ring)
                                j - ring of sustain attributes

@: exhausted, regenerating, hasted and slowed, very resistant to hostile
enchantments, fairly stealthy
A: carnivore 3
a: Berserk, Trog's Hand, Burn Spellbooks, Renounce Religion


You were on level 4 of the Dungeon.
You worshipped Trog.
Trog was most pleased with you.
You were not hungry.

You visited 1 branch of the dungeon, and saw 4 of its levels.

You collected 168 gold pieces.

Inventory:

Hand Weapons
 e - a +2 dagger of flaming (weapon)
Armour
 b - a +1 animal skin (worn)
Jewellery
 j - a ring of sustain attributes (left hand)
Wands
 d - a wand of flame (23/48)
Scrolls
 a - a scroll of enchant armour
 h - a scroll of teleportation
 i - a scroll of identify
Comestibles
 c - a meat ration
 f - a beef jerky
 g - a slice of pizza
 k - a royal jelly


   Skills:
 + Level 5.0 Fighting
 + Level 4.7 Short Blades
 - Level 1.5 Armour
 - Level 2.4 Dodging
 * Level 3.8 Stealth


You had 4 spell levels left.
You didn't know any spells.

Dungeon Overview and Level Annotations

Branches:
Dungeon (4/15)
 Temple: D:4-7

Altars:
Yredelemnul


Innate Abilities, Weirdness & Mutations

You are small and have problems with some larger weapons.
You are carnivorous and can eat meat at any time.


Message History

The gnoll hits you from afar with a halberd.
You hit the gnoll but do no damage.
The gnoll is severely wounded.
The gnoll barely misses you.
You barely miss the gnoll.
The gnoll is severely wounded.
You feel the effects of Trog's Hand fading.
The gnoll hits you from afar with a halberd!
* * * LOW HITPOINT WARNING * * *
The gnoll hits you with a flail.
* * * LOW HITPOINT WARNING * * *
You barely miss the gnoll.
The gnoll is severely wounded.
The gnoll hits you from afar with a halberd.
* * * LOW HITPOINT WARNING * * *
The gnoll misses you.
Drink which item? (? for menu, Esc to quit)
You feel yourself speed up. The gnoll closely misses you. x2
The gnoll hits you from afar with a halberd!
You die...

##### ...#
...#
###+####..#
#....ggg..#
#......#@.#
#....gg#..#
#......#..#
#......#..#
#......#..#
#......#..#
#......#<.#
#..# #..#


You could see 3 gnolls.

Vanquished Creatures
  Jessica (D:3)
  4 adders
  A worm (D:3)
  2 dart slugs (D:1)
  A giant gecko (D:2)
  3 orcs (D:3)
  2 giant cockroaches
  A goblin (D:2)
  3 hobgoblins (D:2)
  7 jackals
  A quokka (D:3)
  6 bats
  3 giant newts
  10 kobolds
  20 rats
  A spectral orc (D:2)
66 creatures vanquished.

Notes
Turn   | Place    | Note
--------------------------------------------------------------
     0 | D:1      | Monkfish the Kobold Berserker began the quest for the Orb.
     0 | D:1      | Reached XP level 1. HP: 14/14 MP: 1/1
   115 | D:1      | Reached skill level 1 in Stealth
   115 | D:1      | Reached XP level 2. HP: 19/19 MP: 2/2
   409 | D:1      | Reached ** piety under Trog
   416 | D:1      | Reached skill level 4 in Fighting
   653 | D:2      | Reached XP level 3. HP: 24/24 MP: 3/3
  1195 | D:2      | Found a basalt altar of Yredelemnul.
  1200 | D:2      | Reached XP level 4. HP: 28/30 MP: 4/4
  1777 | D:3      | Noticed Jessica
  1838 | D:3      | Reached *** piety under Trog
  2096 | D:3      | Reached XP level 5. HP: 25/34 MP: 5/5
  2597 | D:3      | Killed Jessica
  2597 | D:3      | Reached skill level 5 in Fighting
  2717 | D:4      | HP: 1/35 [gnoll/flail (6)]
  2719 | D:4      | Slain by a gnoll

Skill      XL: |  1  2  3  4  5 |
---------------+----------------+-----
Stealth        | 1 2 3 |  3.8
Fighting       | 4 5 |  5.0
Short Blades   | |  4.7
Armour         | |  1.5
Dodging        | |  2.4

Action                   |  1- 3 |  4- 6 || total
-------------------------+-------+-------++-------
Melee: Short sword       |   114 |     7 ||   121
       Dagger            |       |    61 ||    61
Invok: Berserk           |     1 |     2 ||     3
       Trog's Hand       |       |     1 ||     1
  Use: Potion            |     6 |     2 ||     8
       Scroll            |     4 |     4 ||     8
 Stab: Sleeping          |     5 |     7 ||    12
  Eat: Chunk             |     9 |     1 ||    10
Armor: Animal skin       |    21 |     4 ||    25
Dodge: Dodged            |   123 |    53 ||   176
